 Dungeon Crawl Stone Soup version 0.25-a0-25-gf18fdeb (webtiles) character file.

Game seed: 16547702875379890413, levelgen mode: deterministic

38136 robertstho the Archer (level 13, 0/133 HPs)
             Began as a Troll Fighter on Oct 17, 2019.
             Was a High Priest of Okawaru.
             Slain by a seven-headed hydra (8 damage)
             ... on level 5 of the Lair of Beasts.
             The game lasted 00:33:55 (15198 turns).

robertstho the Archer (Troll Fighter)              Turns: 15198, Time: 00:33:56

Health: 0/133      AC: 13    Str: 27    XL:     13   Next: 62%
Magic:  18/18      EV: 12    Int:  9    God:    Okawaru [*****.]
Gold:   1008       SH:  3    Dex: 12    Spells: 12/12 levels left

rFire    x . .     SeeInvis .   T - +5 shortbow "Duof" {velocity, rPois Int+4}
rCold    + . .     Gourm    +   (shield currently unavailable)
rNeg     . . .     Faith    .   x - +0 troll leather armour
rPois    +         Spirit   .   (helmet restricted)
rElec    .         Reflect  +   m - +1 cloak {+Inv}
rCorr    .         Harm     .   (gloves unavailable)
MR       .....                  (boots unavailable)
Stlth    +.........             H - +3 amulet of reflection
HPRegen  1.12/turn              I - ring of ice
MPRegen  0.16/turn              L - +3 ring of protection

@: about to teleport
A: large, unfitting armour, claws 3, fast metabolism 3, gourmand, regeneration
1, shaggy fur 1, tough skin 3
a: Heroism, Finesse, Renounce Religion, Evoke Invisibility


You were on level 5 of the Lair of Beasts.
You worshipped Okawaru.
Okawaru was extremely pleased with you.
You were very full.

You visited 2 branches of the dungeon, and saw 17 of its levels.
You also visited: Sewer.

You collected 1122 gold pieces.
You spent 114 gold pieces at shops.

Inventory:

Hand Weapons
 p - a +0 longbow of flaming
 R - a +3 scimitar of flaming
 T - the +5 shortbow "Duof" (weapon) {velocity, rPois Int+4}
   (Okawaru gifted it to you on level 3 of the Lair of Beasts)

   Any arrow fired from it inflicts extra damage.
   It affects your intelligence (+4).
   It protects you from poison.
Missiles
 k - 9 large rocks
 q - 78 arrows (quivered)
 E - 146 stones
 K - 20 sling bullets
Armour
 b - a +0 shield
 m - a +1 cloak of invisibility (worn)
 w - a +2 robe of magic resistance
 x - a +0 troll leather armour (worn)
Jewellery
 H - a +3 amulet of reflection (around neck)
 I - a ring of ice (left claw)
 L - a +3 ring of protection (right claw)
 N - a +3 ring of intelligence
 O - an uncursed ring of ice
Wands
 s - a wand of digging (11)
 y - a wand of disintegration (15)
 F - a wand of iceblast (21)
 J - a wand of clouds (12)
 M - a wand of acid (15)
Scrolls
 e - 4 scrolls of fog {unknown}
 f - 3 scrolls of noise {unknown}
 g - a scroll of holy word {unknown}
 i - 13 scrolls of remove curse
 j - 8 scrolls of teleportation
 n - 4 scrolls of magic mapping
 r - 2 scrolls of random uselessness {unknown}
 t - 3 scrolls of blinking {unknown}
 u - 4 scrolls of immolation {unknown}
 D - 2 scrolls of enchant weapon
 G - 3 scrolls of enchant armour
 P - 2 scrolls of silence
Potions
 a - 2 potions of curing
 c - 5 potions of might
 h - 2 potions of mutation
 l - 2 potions of ambrosia
 v - 3 potions of invisibility
 z - 3 potions of flight
 B - 4 potions of lignification
 C - 4 potions of haste
 Q - a potion of heal wounds
 S - a potion of magic
Miscellaneous
 U - a box of beasts
Comestibles
 d - 34 rations


   Skills:
 * Level 10.0 Fighting
 + Level 10.2 Bows
 + Level 3.3 Armour
 + Level 5.6 Dodging
 - Level 0.1 Stealth
 + Level 3.5 Shields
 * Level 10.1 Unarmed Combat
 * Level 8.0 Invocations


You had 12 spell levels left.
You didn't know any spells.
Your spell library contained the following spells:

 Spells                   Type           Power        Failure   Level  Hunger
 Corona                   Hex            #......      41%         1    ##.....
 Sandblast                Erth           #.....       41%         1    ##.....
 Corpse Rot               Necr           N/A          56%         2    ###....
 Ensorcelled Hibernation  Hex/Ice        #.....       56%         2    ###....
 Passwall                 Tmut/Erth      #.......     56%         2    ###....
 Sublimation of Blood     Necr           #.........   56%         2    ###....
 Confuse                  Hex            #.......     80%         3    ####...
 Dazzling Spray           Conj/Hex       #.....       80%         3    ####...
 Stone Arrow              Conj/Erth      #.....       80%         3    ####...
 Tukima's Dance           Hex            #.......     80%         3    ####...
 Petrify                  Tmut/Erth      #.......     99%         4    #####..
 Agony                    Necr           #.......     100%        5    ######.
 Bolt of Draining         Conj/Necr      #.........   100%        5    ######.
 Dispel Undead            Necr           #.......     100%        5    ######.
 Excruciating Wounds      Chrm/Necr      #.........   100%        5    ######.
 Lee's Rapid Deconstruct  Erth           #.........   100%        5    ######.


Dungeon Overview and Level Annotations

Branches:
Dungeon (12/15)            Temple (0/1) D:6            Lair (5/6) D:11
  Swamp (0/4) Lair:4        Snake (0/4) Lair:4          Orc (0/2) D:10
  Sewer (visited)
  Slime: Lair:5-6

Altars:
Ashenzari
Cheibriados
Gozag
Okawaru
Trog
Vehumet
The Shining One
Beogh

Shops:
D:6 *

Annotations:
D:8 1 runed translucent door, hydroclopse's ghost, novice GnMo
Lair:3 2 transporters, Tudghun's ghost, journeyman MfSk


Innate Abilities, Weirdness & Mutations

You are too large for most types of armour.
You have claws for hands.
Your metabolism is lightning-fast.
You like to eat raw meat.
Your natural rate of healing is unusually fast.
You are covered in fur. (AC +1)
You have extremely tough skin. (AC +3)


Message History

* * * LOW HITPOINT WARNING * * *
As you read the scroll of fear, it crumbles to dust.
You assume a fearsome visage.
The water moccasin looks frightened!
The seven-headed hydra resists with almost no effort.
The seven-headed hydra closely misses you.
The seven-headed hydra bites you.
* * * LOW HITPOINT WARNING * * *
The seven-headed hydra bites you but does no damage. x2
The seven-headed hydra completely misses you.
The seven-headed hydra bites you but does no damage. x2
As you read the scroll of teleportation, it crumbles to dust.
You feel strangely unstable.
A spiny frog comes into view.
You block the seven-headed hydra's attack.
The seven-headed hydra closely misses you.
The seven-headed hydra misses you. The seven-headed hydra bites you!
* * * LOW HITPOINT WARNING * * *
The seven-headed hydra bites you but does no damage. x2
The seven-headed hydra bites you!
You die...

... #.#....... ....
####...... ... .####.#
S. #.###+. #.
#######......
####(+####.##.P.......
##....(..#.............
#.....D.......##.......
##....@.#..######......
#....(.#### #.#......
#.>....# #.......
#....... ##P##..+
#).......# ###....
###....(.. #....
#P...(.## ###P.
...F(... #.PP.
#####P...


You could see a seven-headed hydra, a spiny frog (wandering) and a water
moccasin (fleeing).

Vanquished Creatures
  Rupert (D:12)
  Fannar (D:12)
  5 hydras
  Harold (D:7)
  Erica (Lair:2)
  2 two-headed ogres
  An oklob plant (Lair:3)
  An ugly thing (D:11)
  4 elephants (Lair:3)
  2 rime drakes (Lair:1)
  5 black mambas
  A centaur skeleton (D:12)
  9 komodo dragons
  6 spiny frogs
  3 trolls
  3 meliai (Lair:5)
  A queen bee (Lair:5)
  3 tyrant leeches (Lair:4)
  A polar bear (Lair:5)
  17 blink frogs
  5 hippogriffs
  6 dream sheep (Lair:5)
  3 slime creatures
  A shadow (D:12)
  10 yaks
  2 basilisks
  Menkaure (D:7)
  A steam dragon (D:9)
  3 nagas (Lair:4)
  A soldier ant (D:11)
  An acid dragon (D:11)
  4 swamp worms (Lair:4)
  5 water moccasins
  6 porcupines
  6 orc warriors
  5 sky beasts
  3 black bears
  6 ice beasts
  A phantom (D:10)
  5 ogres
  4 wolves (Lair:1)
  6 centaurs
  2 crocodiles
  A big kobold (D:8)
  Blork the orc (D:6)
  17 bullfrogs
  7 scorpions
  25 killer bees
  9 wights
  A howler monkey (D:5)
  A quasit (D:8)
  2 bullfrog zombies
  7 crimson imps
  5 hounds
  11 jellies
  Crazy Yiuf (D:2)
  8 orc priests
  A bullfrog skeleton (D:11)
  3 iguanas
  13 orc wizards
  6 worker ants
  A hound skeleton (D:6)
  A worker ant zombie (D:11)
  Robin (D:2)
  6 gnolls
  12 adders
  5 shadow imps
  15 oozes
  2 adder skeletons
  A worm (D:3)
  A dart slug (D:1)
  7 leopard geckos
  46 orcs
  4 ball pythons
  9 giant cockroaches
  19 goblins
  9 hobgoblins
  2 jackals (D:3)
  13 kobolds
  6 quokkas
  6 bats
  11 frilled lizards
  A giant cockroach zombie (D:5)
  11 rats
463 creatures vanquished.

Vanquished Creatures (others)
  Maurice (D:9)
  6 fungi
  4 plants
11 creatures vanquished.

Grand Total: 474 creatures vanquished

Notes
Turn   | Place    | Note
-------+----------+-------------------------------------------
     0 | D:1      | robertstho the Troll Fighter began the quest for the Orb.
     0 | D:1      | Reached XP level 1. HP: 22/22 MP: 0/0
   203 | D:1      | Reached XP level 2. HP: 29/29 MP: 1/1
   624 | D:2      | Found a runed translucent door.
   625 | D:2      | Noticed Crazy Yiuf
   681 | D:2      | Reached XP level 3. HP: 36/36 MP: 2/2
   812 | D:2      | Noticed Robin
   905 | D:2      | Killed Robin
   906 | D:2      | Reached XP level 4. HP: 32/44 MP: 3/3
  1185 | D:2      | Found a glowing golden altar of the Shining One.
  1291 | D:2      | Killed Crazy Yiuf
  1291 | D:2      | HP: 2/45 [poisoned by Crazy Yiuf]
  1446 | D:2      | Reached XP level 5. HP: 35/53 MP: 4/4
  1553 | D:3      | Found a glowing drain.
  1568 | Sewer    | Entered a sewer
  1728 | Sewer    | Reached XP level 6. HP: 61/61 MP: 5/5
  1809 | Sewer    | Reached skill level 5 in Unarmed Combat
  2737 | D:4      | Reached skill level 1 in Bows
  2737 | D:4      | Reached XP level 7. HP: 49/68 MP: 6/6
  3019 | D:4      | Found a snail-covered altar of Cheibriados.
  3269 | D:5      | Entered Level 5 of the Dungeon
  3540 | D:5      | Found an opulent altar of Gozag.
  3540 | D:5      | Found an iron altar of Okawaru.
  3544 | D:5      | Became a worshipper of Warmaster Okawaru
  3667 | D:5      | Got an ancient hunting sling
  4189 | D:5      | Found a bloodstained altar of Trog.
  4278 | D:6      | Found Gatanwid's General Store.
  4288 | D:6      | Bought a potion of flight for 36 gold pieces
  4288 | D:6      | Bought a scroll of teleportation for 36 gold pieces
  4288 | D:6      | Bought a scroll of fear for 42 gold pieces
  4379 | D:6      | Found a staircase to the Ecumenical Temple.
  4410 | D:6      | Reached skill level 1 in Invocations
  4410 | D:6      | Reached XP level 8. HP: 73/78 MP: 7/7
  4795 | D:6      | Noticed Blork the orc
  4829 | D:6      | Killed Blork the orc
  4994 | D:6      | Reached * piety under Okawaru
  5291 | D:7      | Reached XP level 9. HP: 86/87 MP: 9/9
  5488 | D:7      | Noticed Menkaure
  5491 | D:7      | Killed Menkaure
  5608 | D:7      | Reached skill level 5 in Fighting
  5634 | D:7      | Noticed Harold
  5642 | D:7      | Killed Harold
  5642 | D:7      | Reached ** piety under Okawaru
  5642 | D:7      | Reached skill level 5 in Bows
  6069 | D:8      | Identified the cursed +3 hunting sling "Wymn" {freeze,
                  | *Contam +Inv rF+ Int+4} (You found it on level 5 of the
                  | Dungeon)
  6099 | D:8      | Found a glowing golden altar of the Shining One.
  6271 | D:8      | Reached *** piety under Okawaru
  6278 | D:8      | HP: 4/89 [orc warrior/+0 halberd (19)]
  6559 | D:8      | Found a radiant altar of Vehumet.
  6577 | D:8      | Found a runed translucent door.
  6577 | D:8      | Noticed hydroclopse's ghost (novice GnMo)
  6579 | D:8      | Identified the +10 trident of True Grit {speed, rF+}
  6590 | D:8      | Noticed a polar bear
  6620 | D:8      | Reached XP level 10. HP: 86/98 MP: 12/12
  6674 | D:8      | Found a roughly hewn altar of Beogh.
  6886 | D:9      | Noticed Maurice
  6902 | D:9      | Killed Maurice
  7378 | D:10     | Entered Level 10 of the Dungeon
  7482 | D:10     | Found a staircase to the Orcish Mines.
  7488 | D:10     | Found Meec's Weapon Emporium.
  7650 | D:10     | Noticed a two-headed ogre
  7655 | D:10     | Killed a two-headed ogre
  7655 | D:10     | Received a gift from Okawaru
  7655 | D:10     | Reached **** piety under Okawaru
  7691 | D:10     | Reached skill level 5 in Invocations
  7751 | D:10     | Received a gift from Okawaru
  7775 | D:10     | Reached skill level 1 in Armour
  8778 | D:11     | Found a staircase to the Lair.
  8808 | Lair:1   | Entered Level 1 of the Lair of Beasts
  8941 | D:11     | Noticed a brown ugly thing
  8960 | D:11     | Killed a brown ugly thing
  8960 | D:11     | Reached XP level 11. HP: 43/107 MP: 10/13
  9197 | D:11     | Noticed a four-headed hydra
  9205 | D:11     | Killed a four-headed hydra
  9583 | D:12     | Reached ***** piety under Okawaru
  9691 | D:12     | Noticed Rupert
  9698 | D:12     | Killed Rupert
  9750 | D:12     | Reached skill level 5 in Dodging
  9995 | D:12     | Noticed Fannar
 10002 | D:12     | Killed Fannar
 10168 | D:12     | Received a gift from Okawaru
 10192 | D:12     | Noticed a two-headed ogre
 10203 | D:12     | Killed a two-headed ogre
 10646 | Lair:1   | Noticed a four-headed hydra
 10656 | Lair:1   | Killed a four-headed hydra
 10656 | Lair:1   | Reached XP level 12. HP: 73/119 MP: 15/15
 10973 | Lair:1   | Received a gift from Okawaru
 11373 | Lair:2   | Noticed Erica
 11382 | Lair:2   | Killed Erica
 11382 | Lair:2   | Received a gift from Okawaru
 11839 | Lair:2   | Reached ****** piety under Okawaru
 11879 | Lair:2   | Received a gift from Okawaru
 12787 | Lair:3   | Noticed Tudghun's ghost (journeyman MfSk)
 12825 | Lair:3   | Identified the +3 rapier of Cowardice {antimagic, +Inv MR+}
 12885 | Lair:3   | Identified the cursed +3 demon trident of Ranab {vamp, rN+}
 12932 | Lair:3   | Found a bloodstained altar of Trog.
 12949 | Lair:3   | Found a transporter.
 12953 | Lair:3   | Found a transporter.
 12989 | Lair:3   | Received a gift from Okawaru
 12990 | Lair:3   | Found a shattered altar of Ashenzari.
 12992 | Lair:3   | Got a polished shortbow {god gift}
 13002 | Lair:3   | Identified the +5 shortbow "Duof" {velocity, rPois Int+4}
                  | (Okawaru gifted it to you on level 3 of the Lair of Beasts)
 13081 | Lair:3   | Reached XP level 13. HP: 131/131 MP: 17/17
 13545 | Lair:4   | Got a bloodstained falchion
 13546 | Lair:4   | Identified the cursed +1 falchion of the Elven Halls
                  | {freeze, rPois rF- Str+5} (You found it on level 4 of the
                  | Lair of Beasts)
 13639 | Lair:4   | Found a staircase to the Snake Pit.
 14238 | Lair:4   | Found a staircase to the Swamp.
 14542 | Lair:5   | Reached skill level 10 in Unarmed Combat
 14559 | Lair:5   | Reached skill level 10 in Bows
 14562 | Lair:5   | Received a gift from Okawaru
 15136 | Lair:5   | Reached skill level 10 in Fighting
 15198 | Lair:5   | Slain by a seven-headed hydra

Levels and vault maps discovered:
D:1:      onia_arrival_mini_maze, layout_rooms, serial_corexii_hall,
          corexii_hall_statues_t, corexii_hall_statues_u
D:2:      layout_rooms, tso_altar, uniq_robin, uniq_crazy_yiuf_cottage
D:3:      layout_basic, first_ration, portal_sewer_entry_a
D:4:      layout_basic, cheibriados_altar_1, hangedman_abyss_or_decor_passed
D:5:      layout_loops_corners, overflow_temple_1_default,
          gammafunk_temple_overflow_wave
D:6:      minmay_clustersquares, layout_basic, temple_statues, serial_shops,
          shop, uniq_blork_the_orc
D:7:      layout_basic, uniq_menkaure, uniq_harold
D:8:      layout_rooms, kennysheep_little_box, basic_altar,
          ebering_ghost_funeral_grove, special_room [special_room_orc]
D:9:      layout_rooms, uniq_maurice
D:10:     layout_stronghold, orc_david_3
D:11:     layout_irregular_city, lair_entry_dummy
D:12:     layout_gridville, grunt_tengu_nest, hangedman_decor_diamond_cutter,
          uniq_fannar, uniq_rupert
Lair:1:   layout_roguey, hibernation_bobbens, grunt_megastairs_4
Lair:2:   lemuel_slime, layout_regular_city, grunt_megastairs_3, uniq_erica
Lair:3:   layout_gridlike, gammafunk_ghost_wrathful_warriors,
          lemuel_oklob_altar, infiniplex_staircase_pool_2, lemuel_fruit_tree,
          grunt_megastairs_5
Lair:4:   layout_cave_pods, minmay_swamp_entry_worms,
          guppyfry_snake_entry_island, lemuel_fruit_fields
Lair:5:   layout_roguey [special_room_bee]

Skill      XL: |  1  2  3  4  5  6  7  8  9 10 11 12 13 |
---------------+----------------------------------------+-----
Unarmed Combat | 3 4 5 6 7 8 9 10 | 10.1
Fighting       | 3 4 5 6 7 9 10 | 10.0
Dodging        | 3 4 5 |  5.6
Shields        | 3 |  3.5
Bows           | 1 2 4 5 7 8 9 10 | 10.2
Invocations    | 1 2 4 5 6 7 8 |  8.0
Armour         | 1 2 3 |  3.3
Stealth        | |  0.1

Action                   |  1- 3 |  4- 6 |  7- 9 | 10-12 | 13-15 || total
-------------------------+-------+-------+-------+-------+-------++-------
Melee: Unarmed           |   111 |   167 |    65 |    83 |       ||   426
       Punch             |       |       |     2 |     3 |       ||     5
       Longbow           |       |       |       |     1 |       ||     1
 Fire: Longbow           |       |    69 |   273 |   645 |       ||   987
       Shortbow          |       |       |       |     4 |   361 ||   365
Invok: Heroism           |       |       |     5 |     7 |     3 ||    15
       Finesse           |       |       |       |     1 |     2 ||     3
  Use: Scroll            |     1 |     4 |     2 |    12 |     3 ||    22
       Potion            |     1 |     1 |     4 |     3 |       ||     9
 Stab: Sleeping          |     1 |       |       |       |       ||     1
  Eat: Chunk             |    14 |    16 |    39 |    58 |    19 ||   146
Armor: Robe              |    37 |   113 |   102 |    21 |       ||   273
       Troll leather arm |       |       |       |   164 |    75 ||   239
Dodge: Dodged            |    47 |   101 |   174 |   278 |   114 ||   714
Block: Shield            |    56 |    99 |       |       |       ||   155
       Other             |       |       |       |    15 |    28 ||    43

Table legend:
 A = Non-vault XP
 B = Vault XP
 C = Vault XP percentage of total XP
 D = Non-vault monster count
 E = Vault monster count
 F = Vault count percentage of total count
                 A         B        C        D         E       F
            +---------+---------+-------+---------+---------+-------
      Total |   39613 |   14868 |  27.3 |     319 |     145 |  31.2
            +---------+---------+-------+---------+---------+-------
        D:1 |      42 |       6 |  12.5 |      16 |       3 |  15.8
        D:2 |      90 |      72 |  44.4 |      29 |      11 |  27.5
        D:3 |     249 |       6 |   2.4 |      29 |       2 |   6.5
        D:4 |     164 |       0 |   0.0 |       4 |       0 |   0.0
        D:5 |     462 |       0 |   0.0 |      15 |       0 |   0.0
        D:6 |     594 |     567 |  48.8 |      16 |      10 |  38.5
        D:7 |     700 |    1142 |  62.0 |      14 |       2 |  12.5
        D:8 |     573 |     639 |  52.7 |      18 |      24 |  57.1
        D:9 |    1746 |     264 |  13.1 |      20 |       1 |   4.8
       D:10 |    1896 |     146 |   7.1 |      14 |       4 |  22.2
       D:11 |    3636 |       0 |   0.0 |      30 |       0 |   0.0
       D:12 |    3436 |    3879 |  53.0 |      24 |       2 |   7.7
     Lair:1 |    4091 |     515 |  11.2 |      15 |       4 |  21.1
     Lair:2 |    4238 |    2117 |  33.3 |      17 |      26 |  60.5
     Lair:3 |    7387 |     755 |   9.3 |      26 |       2 |   7.1
     Lair:4 |    3634 |    1990 |  35.4 |      11 |      10 |  47.6
     Lair:5 |    6675 |    2505 |  27.3 |      21 |      25 |  54.3
      Sewer |       0 |     265 | 100.0 |       0 |      19 | 100.0
            +---------+---------+-------+---------+---------+-------
